 Dungeon Crawl Stone Soup version 0.18-a0-1626-g65af6d3 (webtiles) character file.

193 namelastname112 the Cutter (level 5, -1/69 HPs)
             Began as a Draconian Berserker on Mar 24, 2016.
             Was a Believer of Trog.
             Slain by a gnoll
             ... wielding a +0 club
              (8 damage)
             ... on level 3 of the Dungeon.
             The game lasted 00:01:43 (1240 turns).

namelastname112 the Cutter (Draconian Berserker)    Turns: 1240, Time: 00:01:43

Health: -1/69      AC: 11    Str: 25    XL:     5   Next: 43%
Magic:  5/5        EV: 13    Int:  7    God:    Trog [**....]
Gold:   169        SH:  0    Dex: 14    Spells: 0 memorised, 4 levels left

rFire  . . .     SeeInvis .     f - +0 short sword (protect)
rCold  . . .     Gourm    .     (armour unavailable)
rNeg   . . .     Faith    .     (no shield)
rPois  .         Spirit   .     (helmet restricted)
rElec  .         Dismiss  .     (no cloak)
rCorr  .         Reflect  .     (no gloves)
SustAt .         Harm     .     o - +0 pair of boots
MR     .....                    (no amulet)
Stlth  ..........               (no ring)
                                j - +3 ring of dexterity

@: berserking, very quick, not resistant to hostile enchantments, extremely
unstealthy
A: unfitting armour, cold-blooded, AC +5
a: Berserk, Trog's Hand, Burn Spellbooks, Renounce Religion


You were on level 3 of the Dungeon.
You worshipped Trog.
Trog was pleased with you.
You were hungry.

You visited 1 branch of the dungeon, and saw 3 of its levels.

You collected 169 gold pieces.

Inventory:

Hand Weapons
 f - a +0 short sword of protection (weapon)
Armour
 o - a +0 pair of boots (worn)
Jewellery
 j - a +3 ring of dexterity (left hand)
Scrolls
 d - 3 scrolls of remove curse {unknown}
 e - 2 scrolls of fog {unknown}
 g - a scroll of identify {unknown}
 h - 3 scrolls of teleportation {unknown}
 i - a scroll of immolation {unknown}
 k - a scroll of fear {unknown}
 m - a scroll of amnesia {unknown}
Potions
 a - a potion of lignification {unknown}
 c - 3 potions of haste {unknown}
 l - a potion of berserk rage {unknown}
 n - 2 potions of curing {unknown}
Books
 q - a book of Geomancy

   Spells                             Type                      Level
   a - Sandblast                      Earth                        1
   b - Passwall                       Transmutation/Earth          2
   c - Stone Arrow                    Conjuration/Earth            3
   d - Petrify                        Transmutation/Earth          4
   e - Lee's Rapid Deconstruction     Earth                        5
   Trog disapproves of the use of such an item.
Comestibles
 b - a bread ration
 p - a chunk of flesh


   Skills:
 + Level 4.1 Fighting
 * Level 4.5 Short Blades
 + Level 3.3 Dodging
 * Level 2.4 Stealth


You had 4 spell levels left.
You didn't know any spells.

Dungeon Overview and Level Annotations

Branches:
Dungeon (3/15)

Altars:
Gozag
Qazlal
The Shining One


Innate Abilities, Weirdness & Mutations

Your plain brown scales are hard (AC +5).
Your body does not fit into most forms of armour.
You are cold-blooded and may be slowed by cold attacks.


Message History

You have reached level 5!
The gnoll hits you but does no damage.
Things that are here:
a giant club; an ogre corpse You closely miss the gnoll.
Your tail-slap misses the gnoll.
The gnoll hits you.
* * * LOW HITPOINT WARNING * * *
You puncture the gnoll!
The gnoll is heavily wounded.
The gnoll hits you.
* * * LOW HITPOINT WARNING * * *
The gnoll barely misses you.
You puncture the gnoll!
You feel the power of Trog in you as your rage grows.
You kill the gnoll!
Trog accepts your kill.
You puncture the gnoll!
Your tail-slap misses the gnoll.
The gnoll is almost dead.
The gnoll barely misses you. The gnoll hits you with a club!
You die...

#..>...#.####.##..
#....####.........#
#.#.
###.....####### #.#
#...)..........
#......###...#
#....#..#..###
#....##...#
#....##.#...#
#.#####@###..# #.
#gg# .# # #. ##.##
# .##.##. #..#
....?.g###.####
#...g.......#
#.....g##..##.#
#...... ..## ..
........### ##


You could see 2 gnolls.

Vanquished Creatures
  An ogre (D:3)
  5 gnolls (D:3)
  An ooze (D:2)
  2 worms (D:2)
  4 giant cockroaches
  3 goblins
  6 hobgoblins
  2 jackals (D:1)
  9 kobolds
  A ball python (D:2)
  7 bats
  4 giant newts
  6 rats
51 creatures vanquished.

Notes
Turn   | Place    | Note
--------------------------------------------------------------
     0 | D:1      | namelastname112 the Draconian Berserker began the quest for the Orb.
     0 | D:1      | Reached XP level 1. HP: 19/19 MP: 1/1
    67 | D:1      | Reached XP level 2. HP: 19/26 MP: 2/2
   289 | D:1      | Reached skill level 1 in Stealth
   554 | D:2      | Reached XP level 3. HP: 26/31 MP: 3/3
   585 | D:2      | Reached ** piety under Trog
   671 | D:2      | Found an opulent altar of Gozag.
  1088 | D:2      | Found a glowing golden altar of the Shining One.
  1090 | D:2      | Found a stormy altar of Qazlal.
  1138 | D:3      | Reached XP level 4. HP: 38/38 MP: 4/4
  1211 | D:3      | Noticed an ogre
  1235 | D:3      | Killed an ogre
  1235 | D:3      | Reached XP level 5. HP: 13/46 MP: 5/5
  1240 | D:3      | Slain by a gnoll

Vault maps used:
D:1:      minmay_arrival_checkered_box
D:2:      nicolae_overflow_hidden_temple, nicolae_overflow_crystal_walls,
          minmay_misc_feat_tiny, minivault_11, grunt_decor_arrowhead
D:3:      st_stairs_12

Skill      XL: |  1  2  3  4 |
---------------+-------------+-----
Stealth        | 1 2 |  2.4
Dodging        | 3 |  3.3
Short Blades   | 4 |  4.5
Fighting       | 4 |  4.1

Action                   |  1- 3 |  4- 6 || total
-------------------------+-------+-------++-------
Melee: Short sword       |   133 |    26 ||   159
Invok: Berserk           |     1 |     1 ||     2
 Stab: Sleeping          |       |     1 ||     1
  Eat: Chunk             |       |     2 ||     2
